 Dungeon Crawl Stone Soup version 0.31.0-12-g77e489cdc1 (webtiles) character file.

Game seed: 2205888356601328122

303 H0rd4k the Insei (level 6, -2/39 HPs)
             Began as an Octopode Artificer on Mar 1, 2024.
             Slain by a water moccasin (9 damage)
             ... on level 5 of the Dungeon.
             The game lasted 00:02:05 (1374 turns).

H0rd4k the Insei (Octopode Artificer)               Turns: 1374, Time: 00:02:05

Health: -2/39      AC:  1    Str: 11    XL:     6   Next: 38%
Magic:  3/6        EV: 13    Int: 15    God:
Gold:   97         SH:  0    Dex: 13    Spells: 5/5 levels left

rFire   . . .        p - +9 flail "Xitumn" {elec, Will+}
rCold   + . .        (no shield)
rNeg    . . .        (helmet restricted)
rPois   .            (no amulet)
rElec   .            i - ring of protection from cold
rCorr   .            (no ring)
SInv    .            (no ring)
Will    +....        (no ring)
Stlth   +++          (no ring)
HPRegen 0.26/turn    (no ring)
MPRegen 0.10/turn    (no ring)
                     (no ring)

%: no passive effects
@: marked
A: almost no armour, amphibious, 8 rings, camouflage 1, gelatinous body 1,
(nimble swimmer 1), tentacles, MP-powered wands
a: no special abilities


You were on level 5 of the Dungeon.
You visited 1 branch of the dungeon, and saw 4 of its levels.

You collected 97 gold pieces.

Inventory:

Hand Weapons
 p - the +9 flail "Xitumn" (weapon) {elec, Will+}
   (You found it on level 2 of the Dungeon)

   Will+:     It increases your willpower.
Jewellery
 i - a ring of protection from cold (left tentacle)
Wands
 b - a wand of flame (10) (quivered)
 c - a wand of charming (13)
 d - a wand of iceblast (5)
Scrolls
 g - 3 scrolls of identify {unknown}
 j - 3 scrolls of vulnerability {unknown}
 m - 4 scrolls of teleportation {unknown}
 n - a scroll of revelation {unknown}
 o - 2 scrolls of noise {unknown}
 q - a scroll of fear {unknown}
Potions
 a - a potion of enlightenment
 e - a potion of curing {unknown}
 f - a potion of mutation
 h - a potion of resistance {unknown}
 k - a potion of invisibility {unknown}
 l - 2 potions of heal wounds


   Skills:
 + Level 2.3 Fighting
 * Level 2.9 Maces & Flails
 - Level 2.3 Dodging
 - Level 1.3 Stealth
 + Level 4.6 Unarmed Combat
 - Level 3.2 Evocations


You had 5 spell levels left.
You didn't know any spells.
Your spell library was empty.

Dungeon Overview and Level Annotations

Branches:
Dungeon (5/15)
 Temple: D:4-7

Altars:
Ashenzari

Shops:
D:2 ?


Innate Abilities, Weirdness & Mutations

You cannot wear most types of armour.
You are amphibious.
You can wear up to eight rings at the same time.
Your skin changes colour to match your surroundings (Stealth+).
Your rubbery body absorbs attacks. (AC +1, EV +1)
((You are camouflaged when in or above water. (Stealth+)))
You have tentacles for arms and can constrict up to eight enemies at once.
You expend magic power (3 MP) to strengthen your wands.


Message History

An orc comes into view. It is wielding a +0 short sword.
You sock the orc wizard! Your grab misses the orc wizard.
Your squeeze misses the orc wizard.
The orc wizard is almost dead.
You barely miss the orc wizard. Your grab misses the orc wizard.
The orc wizard is almost dead.
A water moccasin comes into view.
The adder bites you.
You are poisoned.
The adder poisons you! The orc wizard closely misses you.
The water moccasin moves out of view.
You sock the orc wizard!
Lightning courses through the orc wizard!
You kill the orc wizard!
You feel sick. The adder closely misses you. x2
Unknown command.
You sock the adder!
You kill the adder!
You feel sick.
You barely miss the orc. You grab the orc. You squeeze the orc.
The orc is heavily wounded.
You constrict the orc.
You feel sick.
An adder comes into view.
The orc hits you with a +0 short sword. The orc barely misses you.
You sock the orc!
You kill the orc!
You feel sick.
You are no longer poisoned.
The orc misses you. The water moccasin bites you.
Aiming: Charm
Press: ? - help, Shift-Dir - straight line, f - water moccasin
Aim: a water moccasin (chance to affect: 62%)
You feel a surge of power!
The water moccasin resists with significant effort.
The water moccasin bites you.
* * * LOW HITPOINT WARNING * * *
The orc hits you with a +0 flail.
* * * LOW HITPOINT WARNING * * *
The water moccasin bites you!
You die...

#. #......)....# #.
#........... #.
#..........#
#.####.......##.#
#......#.....##.###
##.##.#...##.###....
#####......#.........###
#.............##.##...##
#.###..@S.###...........
#.#####o#####.#####...#.
#.###..S..###........###
#.............######.#
###.##..####.## #.#
#....## #.#######.## #
.## #..........#
#........#.#
##.######...#


You could see a water moccasin, an adder and an orc.

Vanquished Creatures
  A water moccasin (D:5)
  An ogre (D:5)
  A bombardier beetle (D:5)
  An orc wizard (D:5)
  2 adders (D:5)
  A white imp (D:5)
  A dart slug (D:2)
  A ribbon worm (D:2)
  2 orcs (D:5)
  3 ball pythons (D:1)
  4 bats
  3 endoplasms
  3 giant cockroaches
  2 goblins (D:1)
  3 hobgoblins
  A jackal (D:3)
  2 frilled lizards
  4 kobolds
  A rat (D:1)
37 creatures vanquished.

Vanquished Creatures (collateral kills)
  An endoplasm (D:3)
  A hobgoblin (D:3)
2 creatures vanquished.

Grand Total: 39 creatures vanquished

Notes
Turn   | Place    | Note
-------+----------+-------------------------------------------
     0 | D:1      | H0rd4k the Octopode Artificer began the quest for the Orb.
     0 | D:1      | Reached XP level 1. HP: 13/13 MP: 1/1
   156 | D:1      | Reached skill level 1 in Unarmed Combat
   219 | D:1      | Reached XP level 2. HP: 18/18 MP: 2/2
   682 | D:2      | Found Oniab's Magic Scroll Emporium.
   749 | D:2      | Reached skill level 2 in Unarmed Combat
   795 | D:2      | Reached XP level 3. HP: 23/23 MP: 3/3
  1044 | D:2      | Found a faded altar of an unknown god.
  1049 | D:2      | Identified the +9 flail "Xitumn" {elec, Will+}
  1237 | D:3      | Noticed a scorpion
  1268 | D:3      | You fall into a shaft and drop 2 floors!
  1268 | D:5      | Entered Level 5 of the Dungeon
  1282 | D:5      | Noticed a water moccasin
  1286 | D:5      | Killed a water moccasin
  1287 | D:5      | Reached skill level 1 in Maces & Flails
  1287 | D:5      | Reached skill level 3 in Unarmed Combat
  1287 | D:5      | Reached XP level 4. HP: 12/29 MP: 4/4
  1287 | D:5      | Reached XP level 5. HP: 14/34 MP: 5/5
  1287 | D:5      | Gained mutation: You expend magic power (3 MP) to
                  | strengthen your wands. [potion of mutation]
  1307 | D:5      | Noticed an ogre
  1316 | D:5      | Killed an ogre
  1317 | D:5      | Reached skill level 4 in Unarmed Combat
  1334 | D:5      | Reached XP level 6. HP: 37/39 MP: 2/6
  1354 | D:5      | Found a broken altar of Ashenzari.
  1369 | D:5      | Noticed a water moccasin
  1374 | D:5      | Slain by a water moccasin

Illustrated notes

Levels and vault maps discovered:
D:1:      dpeg_arrival_shrine, layout_basic, nrook_loot_triangle,
          minmay_tetromino_o2
D:2:      layout_basic, ebering_ecumenical_altar_sacrificial, serial_shops, shop
D:3:      layout_rooms, minmay_circle_x
D:5:      layout_loops_ring, cheibrodos_ashenzari_chains, gup_sewer_entry_glass

Skill      XL: |  1  2  3  4  5 |
---------------+----------------+-----
Unarmed Combat | 1 2 3 4 |  4.6
Fighting       | 2 |  2.3
Maces & Flails | 1 2 |  2.9
Dodging        | |  2.3
Stealth        | |  1.3
Evocations     | |  3.2

Action                     |  1- 3 |  4- 6 || total
---------------------------+-------+-------++-------
  Melee: Unarmed           |    56 |       ||    56
         Constrict         |    15 |     4 ||    19
         Tentacles         |    12 |     2 ||    14
         Punch             |     1 |       ||     1
         Flail             |     8 |    14 ||    22
  Evoke: Wand              |     1 |     6 ||     7
    Use: Potion            |       |     3 ||     3
   Stab: Sleeping          |     8 |     1 ||     9
 Armour: Skin              |    29 |     9 ||    38
  Dodge: Dodged            |    28 |     9 ||    37
